[Event "Vienna Chess Open 2019"]
[Site "Vienna"]
[Date "2019.08.20"]
[Round "5.10"]
[White "Fedorovsky, Michael"]
[Black "Kaasen, Tor Fredrik"]
[Result "1-0"]
[ECO "E10"]
[WhiteElo "2373"]
[BlackElo "2373"]
[Annotator "NA"]
[PlyCount "79"]
[EventDate "2019.08.17"]
[EventType "swiss"]
[EventCountry "AUT"]
[SourceTitle "playchess.com"]
[Source "ChessBase"]
[SourceQuality "1"]
[TimeControl "40/5400+30:1800+30"]

1. d4 Nf6 2. c4 e6 3. Nf3 d5 4. g3 Bb4+ 5. Bd2 Be7 6. Bg2 O-O 7. O-O Nbd7 8. Qc2 c6 9. Rd1 b6 10. Bf4 Ba6 11. Ne5 Rc8 12. cxd5 cxd5 13. Nc6 Qe8 14. Nxe7+ Qxe7 15. Nc3 b5 16. Qd3 Nb6 17. b3 b4 18. Nxd5 exd5 19. Qxa6 Rc2 20. Bf3 Ne4 21. a3 bxa3 22. Qxa3 Qxa3 23. Rxa3 Nc3 24. Rda1 Nb5 25. R3a2 Rxa2 26. Rxa2 Nxd4 27. Rxa7 Nxf3+ 28. exf3 d4 29. Rb7 Nd5 30. Be5 d3 31. Rd7 f6 32. Rxd5 fxe5 33. Rxd3 Kf7 34. b4 Ke6 35. Kf1 Rb8 36. Rb3 Kd5 37. Ke2 Kc4 38. Rb1 Rxb4 39. Rxb4+ Kxb4 40. Kd3 1-0

[Event "Vienna Chess Open 2019"]
[Site "Vienna"]
[Date "2019.08.20"]
[Round "5.10"]
[White "Herman, Diego"]
[Black "Akesson, Ralf"]
[Result "1/2-1/2"]
[ECO "C11"]
[WhiteElo "2185"]
[BlackElo "2348"]
[Annotator "NA"]
[PlyCount "28"]
[EventDate "2019.08.17"]
[EventType "swiss"]
[EventCountry "AUT"]
[SourceTitle "playchess.com"]
[Source "ChessBase"]
[SourceQuality "1"]
[TimeControl "40/5400+30:1800+30"]

1. e4 e6 2. Nf3 d5 3. Nc3 Nf6 4. exd5 exd5 5. d4 Bf5 6. Bf4 c6 7. Bd3 Bxd3 8. Qxd3 Bd6 9. Bxd6 Qxd6 10. Qe3+ Qe7 11. Qxe7+ Kxe7 12. O-O-O Re8 13. Rhe1+ Kf8 14. Rxe8+ Nxe8 1/2-1/2

[Event "Vienna Chess Open 2019"]
[Site "Vienna"]
[Date "2019.08.20"]
[Round "5.11"]
[White "Ankit, R. Rajpara"]
[Black "Ibanez Aullana, Ramon"]
[Result "1/2-1/2"]
[ECO "C07"]
[WhiteElo "2454"]
[BlackElo "2316"]
[Annotator "ChessBase"]
[PlyCount "51"]
[EventDate "2019.08.17"]
[EventType "swiss"]
[EventCountry "AUT"]
[SourceTitle "playchess.com"]
[Source "ChessBase"]
[SourceQuality "1"]
[TimeControl "40/5400+30:1800+30"]

1. e4 e6 2. d4 d5 3. Nd2 c5 4. exd5 Qxd5 5. dxc5 Bxc5 6. Ngf3 Nf6 7. Bc4 Qd7 8. Qe2 O-O 9. O-O Qc7 10. Ne4 Be7 11. Nxf6+ Bxf6 12. Bd3 Nd7 13. Qe4 g6 14. Bf4 e5 15. Bg5 Bg7 16. Qh4 Nc5 17. Bc4 Be6 18. Bxe6 Nxe6 19. Bf6 Qxc2 20. Bxe5 Rad8 21. Rac1 Qf5 22. Rfe1 Rd5 23. Bxg7 Kxg7 24. Qe4 Rfd8 25. Qxf5 Rxf5 26. Kf1 1/2-1/2

[Event "Vienna Chess Open 2019"]
[Site "Vienna"]
[Date "2019.08.20"]
[Round "5.11"]
[White "Markoja, Boris"]
[Black "Pfreundt, Jakob"]
[Result "1/2-1/2"]
[ECO "D56"]
[WhiteElo "2440"]
[BlackElo "2410"]
[Annotator "ChessBase"]
[PlyCount "113"]
[EventDate "2019.08.17"]
[EventType "swiss"]
[EventCountry "AUT"]
[SourceTitle "playchess.com"]
[Source "ChessBase"]
[SourceQuality "1"]
[TimeControl "40/5400+30:1800+30"]

1. d4 d5 2. c4 e6 3. Nc3 Nf6 4. Bg5 Be7 5. Nf3 h6 6. Bh4 O-O 7. e3 Ne4 8. Bxe7 Qxe7 9. Rc1 c6 10. g4 Nd7 11. h4 e5 12. cxd5 Nxc3 13. Rxc3 cxd5 14. g5 e4 15. Nd2 hxg5 16. Qh5 g6 17. Qxg5 Qxg5 18. hxg5 Rd8 19. f3 exf3 20. Nxf3 Nf8 21. Bd3 Be6 22. Kd2 Rac8 23. a4 Bd7 24. a5 Ne6 25. Rg1 Kf8 26. Ne5 Ke7 27. Be2 Rh8 28. Rg2 Ng7 29. Bf3 Be6 30. Rxc8 Rxc8 31. Rh2 Nf5 32. Rh7 Rg8 33. Be2 Nd6 34. Bd3 Ke8 35. Ke2 Rf8 36. Kf3 Bf5 37. Bxf5 Nxf5 38. Kf4 Nd6 39. b3 Ne4 40. Kg4 Nd6 41. a6 bxa6 42. Rh2 Ke7 43. Ra2 Nf5 44. Rxa6 Nxe3+ 45. Kf4 Nf5 46. Rxa7+ Ke6 47. Ra6+ Ke7 48. Nc6+ Kd6 49. Nb4+ Kd7 50. Ke5 Rb8 51. Ra7+ Ke8 52. Nxd5 Rb5 53. Rc7 Ne3 54. Rc5 Rxb3 55. Nf6+ Kd8 56. d5 Rb4 57. Rc3 1/2-1/2

[Event "Vienna Chess Open 2019"]
[Site "Vienna"]
[Date "2019.08.20"]
[Round "5.11"]
[White "Gungl, Theo"]
[Black "Dehmel, Jens"]
[Result "1-0"]
[ECO "C68"]
[WhiteElo "2344"]
[BlackElo "2008"]
[Annotator "NA"]
[PlyCount "81"]
[EventDate "2019.08.17"]
[EventType "swiss"]
[EventCountry "AUT"]
[SourceTitle "playchess.com"]
[Source "ChessBase"]
[SourceQuality "1"]
[TimeControl "40/5400+30:1800+30"]

1. e4 e5 2. Nf3 Nc6 3. Bb5 a6 4. Bxc6 dxc6 5. O-O Qf6 6. d4 exd4 7. Bg5 Qd6 8. Nxd4 Be7 9. Bxe7 Nxe7 10. Nc3 Bd7 11. Nb3 Qxd1 12. Raxd1 b6 13. Rd2 O-O-O 14. Rfd1 c5 15. f3 Ng6 16. Nd5 Rhe8 17. Ne3 Ne5 18. Kf2 a5 19. Nc1 f6 20. Ne2 Be6 21. Rxd8+ Rxd8 22. Rxd8+ Kxd8 23. a3 Kd7 24. Nf4 Bf7 25. Ke2 c4 26. Kd2 b5 27. Ne2 b4 28. axb4 axb4 29. f4 Nc6 30. c3 b3 31. Nd4 Na5 32. Nef5 g6 33. Nh6 Be8 34. Ng8 Nb7 35. Nxf6+ Ke7 36. Nxh7 Nc5 37. Ng5 Nd3 38. Nxb3 Nxf4 39. Na5 Bb5 40. g3 Nd3 41. b3 1-0

[Event "Vienna Chess Open 2019"]
[Site "Vienna"]
[Date "2019.08.20"]
[Round "5.12"]
[White "Chylewski, Patryk"]
[Black "Fröwis, Georg"]
[Result "0-1"]
[ECO "E04"]
[WhiteElo "2429"]
[BlackElo "2356"]
[Annotator "NA"]
[PlyCount "76"]
[EventDate "2019.08.17"]
[EventType "swiss"]
[EventCountry "AUT"]
[SourceTitle "playchess.com"]
[Source "ChessBase"]
[SourceQuality "1"]
[TimeControl "40/5400+30:1800+30"]

1. d4 d5 2. c4 e6 3. Nf3 Nf6 4. g3 dxc4 5. Bg2 Nc6 6. Qa4 Bd7 7. Qxc4 Rc8 8. O-O Na5 9. Qd3 c5 10. Nc3 c4 11. Qd1 b5 12. Ne5 b4 13. Ne4 Nxe4 14. Bxe4 Bb5 15. e3 g6 16. f4 f6 17. Nf3 Be7 18. Bc2 O-O 19. Rf2 Qb6 20. e4 Rfd8 21. Be3 f5 22. g4 b3 23. axb3 cxb3 24. Bb1 Nc4 25. Qxb3 Nxe3 26. Qxe3 fxg4 27. Ne5 Rxd4 28. Kg2 Bh4 29. Rc2 Rcd8 30. Ba2 Rd2+ 31. Qxd2 Rxd2+ 32. Rxd2 Qe3 33. Bxe6+ Kf8 34. Rad1 Be1 35. Bc4 Bxd2 36. Bxb5 Qxe4+ 37. Kg1 Be3+ 38. Kf1 Qxf4+ 0-1

[Event "Vienna Chess Open 2019"]
[Site "Vienna"]
[Date "2019.08.20"]
[Round "5.12"]
[White "Haldorsen, Benjamin"]
[Black "Belous, Mikhail"]
[Result "1/2-1/2"]
[ECO "B23"]
[WhiteElo "2308"]
[BlackElo "2308"]
[Annotator "ChessBase"]
[PlyCount "119"]
[EventDate "2019.08.17"]
[EventType "swiss"]
[EventCountry "AUT"]
[SourceTitle "playchess.com"]
[Source "ChessBase"]
[SourceQuality "1"]
[TimeControl "40/5400+30:1800+30"]

1. e4 c5 2. Nc3 a6 3. g3 b5 4. Bg2 Bb7 5. d3 e6 6. Nh3 Be7 7. O-O h5 8. f4 b4 9. Ne2 Nc6 10. a3 bxa3 11. bxa3 Nf6 12. Rb1 Rb8 13. c4 Ba8 14. Rxb8 Qxb8 15. Nf2 d6 16. h3 e5 17. Nc3 h4 18. gxh4 exf4 19. Bxf4 Nh5 20. Bg5 Qd8 21. Qd2 Ne5 22. Ng4 Ng6 23. Bxe7 Qxe7 24. Rb1 O-O 25. Qg5 Nhf4 26. Bf1 f5 27. exf5 Qxg5 28. hxg5 Rxf5 29. Rb6 Bf3 30. Rxa6 Rxg5 31. Rxd6 Ne5 32. Kf2 Bxg4 33. hxg4 Nxg4+ 34. Kf3 Ng6 35. Bh3 N4e5+ 36. Ke4 Rg1 37. Be6+ Kf8 38. Kd5 Nxd3 39. Kc6 Nge5+ 40. Kc7 Nf4 41. Bd5 Rg3 42. Nb5 Rb3 43. Rd8+ Ke7 44. Nd6 Ne6+ 45. Bxe6 Kxe6 46. a4 Rb4 47. a5 Nxc4 48. Nxc4 Rxc4 49. a6 Ra4 50. Kb6 g5 51. a7 Rxa7 52. Kxa7 g4 53. Kb6 Ke5 54. Kxc5 g3 55. Rg8 Kf4 56. Kd4 Kf3 57. Kd3 g2 58. Rf8+ Kg3 59. Rg8+ Kf2 60. Rxg2+ 1/2-1/2

[Event "Vienna Chess Open 2019"]
[Site "Vienna"]
[Date "2019.08.20"]
[Round "5.12"]
[White "Heinatz, Gundula"]
[Black "Schreiner, Peter"]
[Result "1/2-1/2"]
[ECO "A48"]
[WhiteElo "2124"]
[BlackElo "2481"]
[Annotator "ChessBase"]
[PlyCount "50"]
[EventDate "2019.08.17"]
[EventType "swiss"]
[EventCountry "AUT"]
[SourceTitle "playchess.com"]
[Source "ChessBase"]
[SourceQuality "1"]
[TimeControl "40/5400+30:1800+30"]

1. d4 Nf6 2. Nf3 g6 3. Bg5 Bg7 4. c3 O-O 5. Nbd2 d5 6. e3 Nbd7 7. Bd3 Re8 8. O-O e5 9. e4 exd4 10. cxd4 dxe4 11. Nxe4 h6 12. Qb3 Re6 13. Rae1 Qf8 14. Nxf6+ Nxf6 15. Bxf6 Rxf6 16. Bc4 Rb6 17. Qe3 Be6 18. d5 Bd7 19. Ne5 Bb5 20. b3 Re8 21. Qg3 Qd6 22. f4 Qc5+ 23. Kh1 Bxc4 24. bxc4 Rd6 25. h4 Rf8 1/2-1/2

[Event "Vienna Chess Open 2019"]
[Site "Vienna"]
[Date "2019.08.21"]
[Round "6.1"]
[White "Palac, Mladen"]
[Black "Bick, Gabriel"]
[Result "1/2-1/2"]
[ECO "C78"]
[WhiteElo "2551"]
[BlackElo "2375"]
[Annotator "ChessBase"]
[PlyCount "67"]
[EventDate "2019.08.17"]
[EventType "swiss"]
[EventCountry "AUT"]
[SourceTitle "playchess.com"]
[Source "ChessBase"]
[SourceQuality "1"]
[TimeControl "40/5400+30:1800+30"]

1. e4 e5 2. Nf3 Nc6 3. Bb5 a6 4. Ba4 Nf6 5. O-O Bc5 6. c3 b5 7. Bb3 d6 8. a4 Rb8 9. d4 Bb6 10. a5 Ba7 11. h3 O-O 12. Re1 h6 13. Be3 Ra8 14. Nbd2 Re8 15. Qc2 exd4 16. Bxd4 Ne5 17. Nxe5 dxe5 18. Bxa7 Rxa7 19. c4 c5 20. cxb5 axb5 21. Qxc5 Rxa5 22. Rad1 Qe7 23. Rc1 Be6 24. Qxe5 Bxb3 25. Qxe7 Rxe7 26. Nxb3 Ra2 27. e5 Rxb2 28. Nd4 Nd5 29. Rc5 Nf4 30. Rxb5 Rxb5 31. Nxb5 Nd3 32. Re3 Rxe5 33. Rxd3 Rxb5 34. Kh2 1/2-1/2

[Event "Vienna Chess Open 2019"]
[Site "Vienna"]
[Date "2019.08.21"]
[Round "6.1"]
[White "Dobrovoljc, Vid"]
[Black "Janik, Igor"]
[Result "1-0"]
[ECO "B13"]
[WhiteElo "2331"]
[BlackElo "2483"]
[Annotator "ChessBase"]
[PlyCount "103"]
[EventDate "2019.08.17"]
[EventType "swiss"]
[EventCountry "AUT"]
[SourceTitle "playchess.com"]
[Source "ChessBase"]
[SourceQuality "1"]
[TimeControl "40/5400+30:1800+30"]

1. e4 c6 2. d4 d5 3. exd5 cxd5 4. Nf3 Nc6 5. Ne5 e6 6. Bb5 Bd7 7. Nxd7 Qxd7 8. c3 Bd6 9. Nd2 Nf6 10. O-O O-O 11. Ba4 Qc7 12. g3 Rab8 13. Qe2 h6 14. Nf3 Rfc8 15. Re1 a6 16. Bc2 b5 17. Bd3 Qb6 18. Ne5 Rc7 19. a3 a5 20. b4 Bf8 21. Bf4 Nd8 22. bxa5 Qxa5 23. Nf3 Rbc8 24. Bxc7 Rxc7 25. Bxb5 Bxa3 26. c4 dxc4 27. Bxc4 Qc3 28. Ne5 Nc6 29. Qd3 Qxd3 30. Bxd3 Bf8 31. Ra8 Nxd4 32. Rb1 g6 33. Rbb8 Nh7 34. Nxg6 fxg6 35. Bxg6 Nf6 36. Rxf8+ Kg7 37. Bd3 Nf3+ 38. Kf1 Nxh2+ 39. Kg2 Nhg4 40. Rfc8 Rd7 41. Rd8 Rc7 42. Ra6 e5 43. Bf5 h5 44. Rdd6 e4 45. Bxg4 Nxg4 46. Rd5 e3 47. Rg5+ Kf8 48. fxe3 Rc2+ 49. Kf3 Rf2+ 50. Ke4 Nf6+ 51. Rxf6+ Rxf6 52. Rf5 1-0

[Event "Vienna Chess Open 2019"]
[Site "Vienna"]
[Date "2019.08.21"]
[Round "6.1"]
[White "Ibanez Aullana, Ramon"]
[Black "Haldorsen, Benjamin"]
[Result "1/2-1/2"]
[ECO "A33"]
[WhiteElo "2316"]
[BlackElo "2452"]
[Annotator "ChessBase"]
[PlyCount "73"]
[EventDate "2019.08.17"]
[EventType "swiss"]
[EventCountry "AUT"]
[SourceTitle "playchess.com"]
[Source "ChessBase"]
[SourceQuality "1"]
[TimeControl "40/5400+30:1800+30"]

1. c4 c5 2. Nf3 Nc6 3. d4 cxd4 4. Nxd4 Nf6 5. Nc3 e6 6. e3 Bb4 7. Ndb5 d5 8. a3 Bxc3+ 9. Nxc3 O-O 10. cxd5 exd5 11. Be2 Be6 12. O-O Rc8 13. Nb5 Qb6 14. Nd4 Nxd4 15. Qxd4 Qxd4 16. exd4 Bf5 17. Bd1 Rc4 18. Be3 Rfc8 19. f3 h6 20. g4 Bc2 21. Be2 R4c6 22. Rfc1 a6 23. Kf2 Nd7 24. b4 Ba4 25. Rxc6 Rxc6 26. Rc1 Rxc1 27. Bxc1 Nb8 28. Bd3 Nc6 29. Be3 Bb5 30. Bf5 Ne7 31. Bc2 Bd7 32. Bf4 f6 33. h4 g5 34. Bd6 Nc8 35. Bc7 Kf7 36. Kg3 Na7 37. Bd3 1/2-1/2

[Event "Vienna Chess Open 2019"]
[Site "Vienna"]
[Date "2019.08.21"]
[Round "6.2"]
[White "Blohberger, Felix"]
[Black "Miedema, David"]
[Result "1-0"]
[ECO "C08"]
[WhiteElo "2467"]
[BlackElo "2371"]
[Annotator "ChessBase"]
[PlyCount "88"]
[EventDate "2019.08.17"]
[EventType "swiss"]
[EventCountry "AUT"]
[SourceTitle "playchess.com"]
[Source "ChessBase"]
[SourceQuality "1"]
[TimeControl "40/5400+30:1800+30"]

1. e4 e6 2. d4 d5 3. Nd2 c5 4. exd5 exd5 5. Ngf3 Nf6 6. Bb5+ Bd7 7. Bxd7+ Qxd7 8. O-O cxd4 9. Nxd4 Be7 10. N2b3 O-O 11. Bg5 Nc6 12. Re1 h6 13. Bh4 Rfe8 14. c3 g5 15. Bg3 Ne4 16. Nxc6 Qxc6 17. Be5 Ba3 18. bxa3 Rxe5 19. Qd4 Ree8 20. Re3 Nd6 21. Rd3 Nb5 22. Qxd5 Qxd5 23. Rxd5 Nxc3 24. Rd7 b6 25. Kf1 Red8 26. Rb7 Rd3 27. g3 Nxa2 28. Rxa2 Rxb3 29. a4 a5 30. Rc2 Re8 31. Rcc7 Rb1+ 32. Kg2 Ree1 33. Rxf7 Rg1+ 34. Kf3 Rb4 35. Rg7+ Kf8 36. h3 Rc1 37. Rgf7+ Kg8 38. Rg7+ Kf8 39. Rh7 Kg8 40. Rxh6 g4+ 41. hxg4 Rc3+ 42. Kg2 Rxg4 43. Rhxb6 Rc5 44. Ra6 Kh8 1-0

[Event "Vienna Chess Open 2019"]
[Site "Vienna"]
[Date "2019.08.21"]
[Round "6.2"]
[White "Froewis, Georg"]
[Black "Dastan, Muhammed Batuhan"]
[Result "1/2-1/2"]
[ECO "D10"]
[WhiteElo "2429"]
[BlackElo "2582"]
[Annotator "ChessBase"]
[PlyCount "139"]
[EventDate "2019.08.17"]
[EventType "swiss"]
[EventCountry "AUT"]
[SourceTitle "playchess.com"]
[Source "ChessBase"]
[SourceQuality "1"]
[TimeControl "40/5400+30:1800+30"]

1. c4 c6 2. d4 d5 3. cxd5 cxd5 4. Bg5 Nc6 5. Nc3 f6 6. Bd2 e5 7. e4 dxe4 8. dxe5 Nxe5 9. Qa4+ Bd7 10. Qxe4 Bc6 11. Bb5 Qxd2+ 12. Kxd2 O-O-O+ 13. Kc2 Bxe4+ 14. Nxe4 Ne7 15. Ne2 Nd5 16. Rad1 f5 17. N4c3 Nb4+ 18. Kb1 a6 19. Rxd8+ Kxd8 20. Rd1+ Kc7 21. a3 Nbc6 22. Bxc6 Nxc6 23. Nf4 Be7 24. Ne6+ Kc8 25. Nd5 g6 26. Nd4 Bd6 27. Nb6+ Kc7 28. Ne6+ Kxb6 29. Rxd6 Re8 30. b4 Ka7 31. f4 Re7 32. Kb2 Kb8 33. Kc3 Na7 34. Rd8+ Nc8 35. Nc5 Kc7 36. Rh8 Nd6 37. a4 Kb6 38. Kd4 a5 39. Kd5 Ne4 40. bxa5+ Kxa5 41. Ra8+ Kb6 42. Ne6 Nf6+ 43. Ke5 Ne8 44. Rc8 Ka5 45. Kd5 Kxa4 46. Nc5+ Kb5 47. Ne6 Nf6+ 48. Ke5 Ne4 49. h3 b6 50. Kd5 Rd7+ 51. Ke5 Nd6 52. Nd4+ Kb4 53. Nc2+ Kb5 54. Nd4+ Ka6 55. Ke6 Nxc8 56. Kxd7 Na7 57. g4 Nb5 58. Nxf5 Nc3 59. Ne3 b5 60. f5 gxf5 61. gxf5 Ne4 62. Nd5 Ka5 63. Ke7 b4 64. f6 Nxf6 65. Kxf6 b3 66. Ne3 Kb4 67. Nd1 Kc4 68. Ke5 Kd3 69. Nb2+ Kc3 70. Na4+ 1/2-1/2

[Event "Vienna Chess Open 2019"]
[Site "Vienna"]
[Date "2019.08.21"]
[Round "6.2"]
[White "Menezes, Christoph"]
[Black "Chittka, Julius"]
[Result "1-0"]
[ECO "D85"]
[WhiteElo "2420"]
[BlackElo "2317"]
[Annotator "NA"]
[PlyCount "59"]
[EventDate "2019.08.17"]
[EventType "swiss"]
[EventCountry "AUT"]
[SourceTitle "playchess.com"]
[Source "ChessBase"]
[SourceQuality "1"]
[TimeControl "40/5400+30:1800+30"]

1. d4 Nf6 2. c4 g6 3. Nc3 d5 4. cxd5 Nxd5 5. e4 Nxc3 6. bxc3 Bg7 7. Qa4+ Qd7 8. Qa3 b6 9. Nf3 Bb7 10. Bd3 O-O 11. O-O c5 12. Bf4 Qg4 13. Be5 Nd7 14. h3 Qh5 15. Bxg7 Kxg7 16. Rfe1 e6 17. Qb2 Rac8 18. a4 cxd4 19. cxd4 Qa5 20. Ra3 Kg8 21. Bb5 Rfd8 22. Ree3 Nb8 23. Ne5 Nc6 24. Bxc6 Bxc6 25. Ng4 Bxa4 26. d5 Qb5 27. Nh6+ Kf8 28. Qf6 Qb1+ 29. Kh2 Be8 30. Rxa7 1-0

[Event "Vienna Chess Open 2019"]
[Site "Vienna"]
[Date "2019.08.21"]
[Round "6.3"]
[White "Stanec, Nikolaus"]
[Black "Gilevych, Artem"]
[Result "1-0"]
[ECO "D26"]
[WhiteElo "2483"]
[BlackElo "2424"]
[Annotator "ChessBase"]
[PlyCount "57"]
[EventDate "2019.08.17"]
[EventType "swiss"]
[EventCountry "AUT"]
[SourceTitle "playchess.com"]
[Source "ChessBase"]
[SourceQuality "1"]
[TimeControl "40/5400+30:1800+30"]

1. c4 e6 2. Nf3 d5 3. e3 Nf6 4. d4 dxc4 5. Bxc4 a6 6. O-O b5 7. Be2 Bb7 8. a4 b4 9. b3 Nbd7 10. Bb2 Ne4 11. Nfd2 Nd6 12. Bf3 Be7 13. Bxb7 Nxb7 14. Nc4 Nf6 15. Nbd2 O-O 16. Qe2 c5 17. Rfd1 cxd4 18. Bxd4 Bc5 19. Bxf6 Qxf6 20. Ne4 Qe7 21. Ne5 Qc7 22. Nd7 Rfc8 23. Rac1 Qa5 24. Qc4 Rc6 25. Ndxc5 Nxc5 26. Nxc5 Rac8 27. Nb7 Qb6 28. Qxc6 Rxc6 29. Rxc6 1-0

[Event "Vienna Chess Open 2019"]
[Site "Vienna"]
[Date "2019.08.21"]
[Round "6.3"]
[White "Abdumalik, Zhansaya"]
[Black "Muckle, Julius"]
[Result "1/2-1/2"]
[ECO "C11"]
[WhiteElo "2457"]
[BlackElo "2368"]
[Annotator "ChessBase"]
[PlyCount "242"]
[EventDate "2019.08.17"]
[EventType "swiss"]
[EventCountry "AUT"]
[SourceTitle "playchess.com"]
[Source "ChessBase"]
[SourceQuality "1"]
[TimeControl "40/5400+30:1800+30"]

1. e4 e6 2. d4 d5 3. Nc3 Nf6 4. e5 Nfd7 5. f4 c5 6. Nf3 Nc6 7. Be3 Be7 8. Qd2 O-O 9. dxc5 Qa5 10. Be2 Bxc5 11. a3 a6 12. O-O f6 13. b4 Bxe3+ 14. Qxe3 Qc7 15. exf6 Nxf6 16. Nd4 Nxd4 17. Qxd4 Bd7 18. Bd3 Rac8 19. Ne2 Rfe8 20. Ng3 Bb5 21. Rfe1 Qc3 22. Qxc3 Rxc3 23. Ne2 Rc7 24. Bxb5 axb5 25. Nd4 Ne4 26. Rad1 Rc3 27. f5 exf5 28. Nxf5 g6 29. Nd4 Rf8 30. Rd3 Rc4 31. Re2 Nc3 32. Ree3 Ne4 33. Rf3 Rxf3 34. gxf3 Nd6 35. Kf2 Kf7 36. c3 Kf6 37. Re3 Kf7 38. Re5 Rxc3 39. Rxd5 Nc4 40. Nxb5 Rc2+ 41. Kg3 Ne3 42. Rd7+ Kf6 43. Rd6+ Kf7 44. Rb6 Rg2+ 45. Kh3 Rg1 46. Nc3 g5 47. Rxb7+ Kg6 48. Rb6+ Kg7 49. Re6 Nc2 50. Ne2 Rf1 51. Kg4 Nxa3 52. Ng3 Rf2 53. Nf5+ Kf7 54. Re7+ Kg6 55. Rg7+ Kf6 56. Rxh7 Nc2 57. b5 Rg2+ 58. Ng3 Ne3+ 59. Kh3 Rb2 60. b6 Nd5 61. Rh6+ Ke5 62. Kg4 Nxb6 63. Kxg5 Nd5 64. Rh4 Rf2 65. Re4+ Kd6 66. Nf5+ Kd7 67. h4 Rxf3 68. h5 Rf1 69. Nh6 Nf6 70. Re2 Nxh5 71. Kxh5 Rg1 72. Ng4 Kd6 73. Rd2+ Kc5 74. Kg5 Rf1 75. Ne5 Kb4 76. Rc2 Kb3 77. Rc7 Kb4 78. Nd3+ Kb5 79. Nf4 Re1 80. Kf5 Re3 81. Rc1 Ka4 82. Nd5 Re8 83. Rb1 Ka3 84. Rb7 Re2 85. Kf4 Re6 86. Ne3 Ka4 87. Kf3 Ka5 88. Rb1 Ka6 89. Nc4 Re7 90. Kf4 Re6 91. Ne5 Rb6 92. Ra1+ Kb7 93. Ke4 Rd6 94. Nf3 Ra6 95. Rh1 Ra5 96. Nd4 Kc7 97. Rh6 Kd7 98. Nc6 Rb5 99. Ne5+ Kc7 100. Kd4 Rb1 101. Kc5 Rc1+ 102. Nc4 Kd7 103. Kb5 Ke7 104. Ne5 Rc2 105. Nc6+ Kf7 106. Kb6 Kg7 107. Rd6 Rf2 108. Kc7 Rf6 109. Rd5 Rf1 110. Kd7 Kf6 111. Ne7 Rf2 112. Kd6 Rf1 113. Rh5 Rd1+ 114. Nd5+ Kg6 115. Re5 Rd4 116. Ke6 Ra4 117. Ne7+ Kh6 118. Kf6 Rf4+ 119. Nf5+ Kh5 120. Re3 Rf2 121. Rg3 Rf1 1/2-1/2

[Event "Vienna Chess Open 2019"]
[Site "Vienna"]
[Date "2019.08.21"]
[Round "6.3"]
[White "Schwabeneder, Florian"]
[Black "Sadilek, Peter"]
[Result "1-0"]
[ECO "A05"]
[WhiteElo "2404"]
[BlackElo "2283"]
[Annotator "ChessBase"]
[PlyCount "91"]
[EventDate "2019.08.17"]
[EventType "swiss"]
[EventCountry "AUT"]
[SourceTitle "playchess.com"]
[Source "ChessBase"]
[SourceQuality "1"]
[TimeControl "40/5400+30:1800+30"]

1. Nf3 Nf6 2. g3 g6 3. b3 Bg7 4. Bb2 d6 5. d4 c5 6. Bg2 O-O 7. c4 Ne4 8. O-O Nc6 9. h3 cxd4 10. Nxd4 Qb6 11. e3 Ng5 12. h4 Ne6 13. Nc3 Nexd4 14. Nd5 Qd8 15. exd4 e6 16. Ne3 f5 17. Nc2 f4 18. Rb1 Qf6 19. d5 Ne5 20. Bxe5 Qxe5 21. Qd3 Qc3 22. Qxc3 Bxc3 23. dxe6 Bxe6 24. Bxb7 Rae8 25. Rbd1 Bh3 26. Bg2 Bxg2 27. Kxg2 fxg3 28. Rd3 Bg7 29. Kxg3 Re2 30. Ne3 Rxa2 31. Nd5 Rb2 32. Ne7+ Kf7 33. Nc6 a6 34. Re1 Bf6 35. Ree3 g5 36. hxg5 Bxg5 37. f4 Bd8 38. Rxd6 Rg8+ 39. Kf3 Bh4 40. Ne5+ Kf8 41. Ke4 Rg3 42. Nf3 Be7 43. Rxa6 h5 44. Kf5 Bc5 45. Rd3 Rg7 46. Ne5 1-0

[Event "Vienna Chess Open 2019"]
[Site "Vienna"]
[Date "2019.08.21"]
[Round "6.4"]
[White "Yankelevich, Lev"]
[Black "Ravi, Teja S."]
[Result "1/2-1/2"]
[ECO "B10"]
[WhiteElo "2480"]
[BlackElo "2420"]
[Annotator "ChessBase"]
[PlyCount "26"]
[EventDate "2019.08.17"]
[EventType "swiss"]
[EventCountry "AUT"]
[SourceTitle "playchess.com"]
[Source "ChessBase"]
[SourceQuality "1"]
[TimeControl "40/5400+30:1800+30"]

1. e4 c6 2. Nf3 d5 3. d3 dxe4 4. dxe4 Qxd1+ 5. Kxd1 Nf6 6. Nbd2 Bg4 7. Be2 Nbd7 8. Ne1 Bxe2+ 9. Kxe2 Nc5 10. f3 Nfd7 11. Nc4 g6 12. h4 Bg7 13. h5 f5 1/2-1/2

[Event "Vienna Chess Open 2019"]
[Site "Vienna"]
[Date "2019.08.21"]
[Round "6.4"]
[White "Buckels, Valentin"]
[Black "Stark, Lars"]
[Result "0-1"]
[ECO "A46"]
[WhiteElo "2453"]
[BlackElo "2362"]
[Annotator "ChessBase"]
[PlyCount "74"]
[EventDate "2019.08.17"]
[EventType "swiss"]
[EventCountry "AUT"]
[SourceTitle "playchess.com"]
[Source "ChessBase"]
[SourceQuality "1"]
[TimeControl "40/5400+30:1800+30"]

1. d4 Nf6 2. Nf3 e6 3. e3 b6 4. Bd3 Bb7 5. O-O d5 6. b3 Nbd7 7. Bb2 Bd6 8. Ne5 O-O 9. Qf3 Ne4 10. Qh3 f5 11. f3 Ng5 12. Qg3 Nxe5 13. dxe5 Bc5 14. Kh1 Nf7 15. f4 Nh6 16. Nd2 Qe7 17. h3 a5 18. a3 Ba6 19. Rfe1 Qd7 20. Rad1 Bxd3 21. cxd3 Qb5 22. e4 dxe4 23. dxe4 Rad8 24. Qc3 Rd3 25. Qc2 Rfd8 26. Nf3 fxe4 27. Ng5 Rxd1 28. Rxd1 Rxd1+ 29. Qxd1 Qd3 30. Qxd3 exd3 31. Ne4 Be3 32. g3 d2 33. Nc3 Bd4 34. Nd1 Bxb2 35. Nxb2 Nf5 36. Nd1 Nxg3+ 37. Kg2 Ne2 0-1

[Event "Vienna Chess Open 2019"]
[Site "Vienna"]
[Date "2019.08.21"]
[Round "6.4"]
[White "Yurtseven, Melih"]
[Black "Losonczi, Marcell"]
[Result "1-0"]
[ECO "E71"]
[WhiteElo "2396"]
[BlackElo "2276"]
[Annotator "NA"]
[PlyCount "77"]
[EventDate "2019.08.17"]
[EventType "swiss"]
[EventCountry "AUT"]
[SourceTitle "playchess.com"]
[Source "ChessBase"]
[SourceQuality "1"]
[TimeControl "40/5400+30:1800+30"]

1. d4 Nf6 2. c4 g6 3. Nc3 Bg7 4. e4 d6 5. h3 O-O 6. Be3 e5 7. d5 Na6 8. g4 Nc5 9. f3 a5 10. Qd2 h5 11. Nge2 Nh7 12. O-O-O h4 13. g5 f6 14. gxf6 Rxf6 15. Rg1 Qe8 16. f4 exf4 17. Nxf4 Qf7 18. Be2 Rxf4 19. Bxf4 Bxc3 20. bxc3 Nxe4 21. Qe3 Bf5 22. Bg4 Re8 23. Bxf5 Qxf5 24. Rdf1 Nef6 25. Qd2 Qh5 26. Qd1 Qxd1+ 27. Kxd1 Kg7 28. Re1 Ne4 29. Kc2 Nhf6 30. Be3 Kf7 31. Ref1 c5 32. dxc6 bxc6 33. Bd4 c5 34. Bxf6 Nxf6 35. Rf4 Re4 36. Rxe4 Nxe4 37. Rg4 Nf6 38. Rxh4 g5 39. Rh8 1-0

[Event "Vienna Chess Open 2019"]
[Site "Vienna"]
[Date "2019.08.21"]
[Round "6.5"]
[White "Bakhmatsky, Vladislav"]
[Black "Gungl, Theo"]
[Result "0-1"]
[ECO "B90"]
[WhiteElo "2442"]
[BlackElo "2344"]
[Annotator "NA"]
[PlyCount "44"]
[EventDate "2019.08.17"]
[EventType "swiss"]
[EventCountry "AUT"]
[SourceTitle "playchess.com"]
[Source "ChessBase"]
[SourceQuality "1"]
[TimeControl "40/5400+30:1800+30"]

1. e4 c5 2. Nf3 d6 3. d4 cxd4 4. Nxd4 Nf6 5. Nc3 a6 6. h4 b5 7. Nd5 e6 8. Nxf6+ Qxf6 9. g4 Bb7 10. Bg2 Nd7 11. Be3 Nc5 12. f3 d5 13. g5 Qd8 14. e5 Qc7 15. f4 Na4 16. Rb1 Nxb2 17. Rxb2 Qc3+ 18. Kf2 Qxb2 19. f5 exf5 20. Qd3 Bc5 21. Rd1 Rc8 22. Rd2 f4 0-1